 Dungeon Crawl Stone Soup version 0.31-a0-1096-g246cf0196b (webtiles) character file.

Game seed: 11374259955748768892

9384 funkygono the Thaumaturge (level 11, -6/56 HPs)
             Began as a Deep Elf Fire Elementalist on Nov 26, 2023.
             Was a Priest of Vehumet.
             Mangled by an orc warlord
             ... wielding a +5 battleaxe
              (24 damage)
             ... in a bailey on Nov 29, 2023.
             The game lasted 00:27:31 (10723 turns).

funkygono the Thaumaturge (DEFE)                   Turns: 10723, Time: 00:27:31

Health: -6/56      AC: 20    Str:  5    XL:     11   Next: 22%
Magic:  7/31       EV: 14    Int: 25    God:    Vehumet [***...]
Gold:   626        SH:  0    Dex: 15    Spells: 25/39 levels left

rFire   . . .        S - +2 dagger (freeze)
rCold   . . .        (no shield)
rNeg    . . .        H - +3 steam dragon scales
rPois   .            n - +2 helmet
rElec   .            q - +2 cloak
rCorr   .            x - +2 pair of gloves
SInv    .            G - +2 pair of boots
Will    ++...        g - amulet of regeneration
Stlth   +++          P - ring of wizardry
HPRegen 1.09/turn    N - ring of willpower
MPRegen 0.22/turn

%: wizardry (x1)
@: no status effects
A: no striking features
a: Renounce Religion


You were in a bailey.
You worshipped Vehumet.
Vehumet was most pleased with you.
You visited 2 branches of the dungeon, and saw 11 of its levels.
You also visited: Sewer and Bailey.

You collected 626 gold pieces.

Inventory:

Hand Weapons
 t - a +0 quick blade
 F - a +2 dagger of venom
 S - a +2 dagger of freezing (weapon)
Missiles
 j - 5 throwing nets
Armour
 a - a +2 ring mail of willpower
 n - a +2 helmet (worn)
 o - a +0 leather armour
 q - a +2 cloak (worn)
 x - a +2 pair of gloves (worn)
 G - a +2 pair of boots (worn)
 H - +3 steam dragon scales (worn)
 R - a scarf of resistance
Jewellery
 g - an amulet of regeneration (around neck)
 i - a ring of poison resistance
 p - a +6 ring of strength
 r - a +6 ring of dexterity
 s - a ring of protection from cold
 N - a ring of willpower (right hand)
 P - a ring of wizardry (left hand)
 U - a +5 ring of evasion
 V - an amulet of the acrobat
Talismans
 K - the maw talisman of Estrudghoa {Int+8 Dex+3 Slay+2 Stlth-}
   (You found it on level 6 of the Dungeon)

   [maw talisman]

   Int+8:     It affects your intelligence (+8).
   Dex+3:     It affects your dexterity (+3).
   Slay+2:    It affects your accuracy & damage with ranged weapons and melee
   (+2).
   Stlth-:    It makes you less stealthy.
Wands
 y - a wand of flame (26)
 T - a wand of mindburst (13)
Scrolls
 c - 4 scrolls of vulnerability
 w - a scroll of torment
 C - 4 scrolls of teleportation
 D - a scroll of fog
 I - a scroll of fear
 L - 4 scrolls of immolation
 O - a scroll of brand weapon {unknown}
 Q - a scroll of blinking {unknown}
Potions
 b - 5 potions of magic
 d - 2 potions of enlightenment
 e - 6 potions of curing
 f - 5 potions of cancellation
 h - 4 potions of resistance
 k - 2 potions of attraction
 l - 2 potions of lignification
 m - a potion of degeneration {unknown}
 u - 2 potions of might
 v - 2 potions of haste {unknown}
 z - 3 potions of invisibility {unknown}
 A - 3 potions of mutation {unknown}
 B - 3 potions of brilliance {unknown}
 E - 3 potions of berserk rage
 J - a potion of ambrosia {unknown}
 M - 2 potions of heal wounds {unknown}


   Skills:
 + Level 1.5 Fighting
 + Level 1.5 Short Blades
 + Level 4.8 Dodging
 + Level 4.1 Stealth
 + Level 14.9 Spellcasting
 + Level 6.9 Conjurations
 + Level 12.1 Fire Magic
 + Level 0.3 Earth Magic


You had 25 spell levels left.
You knew the following spells:

 Your Spells              Type           Power      Damage    Failure   Level
a - Foxfire               Conj/Fire      100%       2x1d9     1%          1
b - Scorch                Fire           100%       2d9       0%          2
c - Inner Flame           Hex/Fire       48%        N/A       1%          3
d - Flame Wave            Conj/Fire      60%        2d14      1%          4
e - Magic Dart            Conj           100%       1d8       1%          1
f - Stone Arrow           Conj/Erth      72%        3d11      1%          3

Your spell library contained the following spells:

 Spells                   Type           Power      Damage    Failure   Level
 Frozen Ramparts          Ice            36%        1d6       1%          3
 Necrotise                Necr           72%        1d7       1%          1
 Sandblast                Erth           40%        2d10      1%          1
 Slow                     Hex            72%        N/A       1%          1
 Call Imp                 Summ           36%        N/A       1%          2
 Lesser Beckoning         Tloc           36%        N/A       1%          2
 Passwall                 Tmut/Erth      15%        N/A       1%          2
 Mephitic Cloud           Conj/Pois/Air  30%        N/A       1%          3
 Volatile Blastmotes      Fire/Tloc      96%        2d18      1%          3
 Brom's Barrelling Bould  Conj/Erth      36%        2d6       1%          4
 Confusing Touch          Hex            18%        N/A       3%          3
 Gell's Gravitas          Tloc           18%        N/A       3%          3
 Sigil of Binding         Hex            18%        N/A       3%          3
 Teleport Other           Tloc           18%        N/A       3%          3
 Vampiric Draining        Necr           18%        2d7       3%          3
 Agony                    Necr           18%        N/A       32%         5
 Summon Cactus Giant      Summ           9%         N/A       86%         6
 Haunt                    Necr/Summ      9%         N/A       100%        7
 Borgnjor's Revivificati  Necr           9%         N/A       100%        8
 Death's Door             Necr           9%         N/A       100%        9


Dungeon Overview and Level Annotations

Branches:
Dungeon (10/15)            Temple (1/1) D:6             Orc (0/2) D:9
  Sewer (visited)          Bailey (1/1)
   Lair: D:8-11

Altars:
Ashenzari
Cheibriados
Dithmenos
Elyvilon
Fedhas
Gozag
Hepliaklqana
Kikubaaqudgha
Makhleb
Nemelex Xobeh
Okawaru
Qazlal
Ru
Sif Muna
Trog
Uskayaw
Vehumet
Wu Jian
Xom
Yredelemnul
Zin
The Shining One

Shops:
D:4 *   D:5 (   D:6 *   D:9 *


Message History

Vehumet accepts your kill.
You feel your power returning.
The flame wave engulfs the orc warlord.
The orc warlord is heavily wounded.
The orc warlord roars a battlecry!
The orc warrior goes into a battle-frenzy!
A wave of flame ripples out!
The flame wave engulfs the orc warlord!
The orc warlord is severely wounded.
The flame wave engulfs the orc!
You kill the orc!
Vehumet accepts your kill.
You feel your power returning.
You finish channelling waves of flame.
The orc warlord hits you with a +5 battleaxe!
Casting: Flame Wave (safe; 1% risk of failure)
Confirm with . or Enter, or press ? or * to list all spells.
Casting: Flame Wave (safe; 1% risk of failure)
Press: ? - help, Dir - look around, f - activate A wave of flame ripples out!
The flame wave engulfs the orc warlord!!
The orc warlord is severely wounded. (Press . to intensify the flame waves.)
The orc warlord roars a battlecry!
The orc goes into a battle-frenzy!
A wave of flame ripples out!
The flame wave engulfs the orc warlord!
The orc warlord is almost dead.
The flame wave engulfs the orc warrior!!
The orc warrior is severely wounded.
Unknown command.
A wave of flame ripples out!
The flame wave engulfs the orc warlord!
The orc warlord is almost dead.
The flame wave engulfs the orc warrior!
You kill the orc warrior!
Vehumet accepts your kill.
You feel your power returning.
The flame wave engulfs the orc warrior!
The orc warrior is moderately wounded.
You finish channelling waves of flame.
The orc warlord hits you with a +5 battleaxe!!
* * * LOW HITPOINT WARNING * * *
You feel better.
The orc warlord hits you with a +5 battleaxe!!
You die...

... #... ##.........##
.⌠.. ###'###.....).....#
....
##88.88##...)))...##
.....
#.......#..)......#
...)##.......##.......##
...).........'.......#
##.o).....)##.....##
#...).§)....#######
##...o@o...##
#.........# ##.......##
#.......# ##..∩..##
#######


You could see an orc warlord, an orc warrior (strong) and an orc (strong).

Vanquished Creatures
  Harold (D:9)
  2 two-headed ogres
  Pikel (D:4)
  2 wyverns
  6 yaks (D:10)
  2 acid dragons
  4 water moccasins
  9 orc warriors
  An ice beast (D:5)
  4 black bears
  2 ogres
  A lemure (D:4)
  2 phantoms (D:5)
  A kobold brigand (D:9)
  Blork the orc (D:6)
  A gnoll sergeant (D:8)
  7 bullfrogs
  2 scorpions
  14 wights
  4 killer bees
  2 howler monkeys
  2 hounds
  Crazy Yiuf (D:2)
  A gnoll bouda (D:10)
  4 jellies
  9 orc priests
  5 sleepcaps
  Natasha (thrice) (D:4)
  5 iguanas
  9 orc wizards
  Robin (D:2)
  13 adders
  18 gnolls
  2 river rats
  A shadow imp (D:7)
  3 worms
  2 dart slugs
  42 orcs
  11 ball pythons
  14 endoplasms
  11 giant cockroaches
  22 goblins
  12 hobgoblins
  3 jackals
  7 kobolds
  3 quokkas
  2 bats
  7 frilled lizards
  12 rats
294 creatures vanquished.

Vanquished Creatures (collateral kills)
  Maggie (D:9)
  2 acid dragons (D:9)
3 creatures vanquished.

Vanquished Creatures (others)
  845 foxfires
845 creatures vanquished.

Grand Total: 1142 creatures vanquished

Notes
Turn   | Place    | Note
-------+----------+-------------------------------------------
     0 | D:1      | funkygono the Deep Elf Fire Elementalist began the quest
                  | for the Orb.
     0 | D:1      | Reached XP level 1. HP: 10/10 MP: 6/6
   218 | D:1      | Reached XP level 2. HP: 15/15 MP: 5/8
   221 | D:1      | Learned a level 2 spell: Scorch
   304 | D:1      | Reached skill level 1 in Short Blades
   406 | D:1      | Reached XP level 3. HP: 19/19 MP: 5/9
   410 | D:1      | Learned a level 3 spell: Inner Flame
  1678 | D:2      | Reached skill level 4 in Spellcasting
  1678 | D:2      | Reached XP level 4. HP: 24/24 MP: 9/12
  1683 | D:2      | Learned a level 4 spell: Flame Wave
  2021 | D:2      | Noticed Robin
  2025 | D:2      | Killed Robin
  2177 | D:2      | Found a runed translucent door.
  2178 | D:2      | Noticed Crazy Yiuf
  2465 | D:2      | Killed Crazy Yiuf
  2746 | D:3      | Reached XP level 5. HP: 28/28 MP: 10/13
  2755 | D:3      | Noticed a black bear
  2763 | D:3      | Killed a black bear
  2764 | D:3      | Reached skill level 5 in Spellcasting
  2764 | D:3      | Reached skill level 5 in Fire Magic
  2952 | D:3      | Found a sacrificial altar of Ru.
  2988 | D:3      | Reached XP level 6. HP: 32/32 MP: 8/16
  3427 | D:4      | Reached skill level 6 in Spellcasting
  3541 | D:4      | Found Soniucar's General Store.
  3615 | D:4      | Reached XP level 7. HP: 32/36 MP: 15/18
  3659 | D:4      | Found a glowing drain.
  3663 | Sewer    | Entered a sewer
  3874 | Sewer    | Reached skill level 7 in Spellcasting
  4086 | Sewer    | Found a viscous altar of Jiyva.
  4311 | D:4      | Found a white marble altar of Elyvilon.
  4320 | D:4      | Noticed Pikel
  4326 | D:4      | Killed Pikel
  4327 | D:4      | Reached skill level 8 in Spellcasting
  4327 | D:4      | Reached XP level 8. HP: 41/41 MP: 9/22
  4638 | D:4      | Reached skill level 1 in Fighting
  4645 | D:4      | Reached skill level 9 in Spellcasting
  4759 | D:4      | Noticed Natasha
  4763 | D:4      | Killed Natasha
  4784 | D:4      | Noticed Natasha
  4787 | D:4      | Killed Natasha
  5007 | D:4      | Noticed Natasha
  5011 | D:4      | Killed Natasha
  5026 | D:4      | Upgraded the game from 0.31-a0-1074-g0b22e4e0f1 to
                  | 0.31-a0-1096-g246cf0196b
  5037 | D:5      | Entered Level 5 of the Dungeon
  5252 | D:5      | Reached skill level 10 in Spellcasting
  5490 | D:5      | Found Racemila's Weapon Boutique.
  5656 | D:5      | Reached XP level 9. HP: 47/47 MP: 20/25
  5658 | D:5      | Learned a level 1 spell: Magic Dart
  5811 | D:5      | Found a snail-covered altar of Cheibriados.
  6191 | D:6      | Noticed Blork the orc
  6199 | D:6      | Killed Blork the orc
  6289 | D:6      | Reached skill level 5 in Conjurations
  6414 | D:6      | Reached skill level 11 in Spellcasting
  6590 | D:6      | Identified the maw talisman of Estrudghoa {Int+8 Dex+3
                  | Slay+2 Stlth-}
  6641 | D:6      | Found a shadowy altar of Dithmenos.
  6701 | D:6      | Found Derch's Assorted Antiques.
  6966 | D:6      | Found a staircase to the Ecumenical Temple.
  6973 | Temple   | Entered the Ecumenical Temple
  6981 | Temple   | Became a worshipper of Vehumet
  7543 | D:7      | Found an opulent altar of Gozag.
  7957 | D:8      | Reached skill level 10 in Fire Magic
  8105 | D:8      | Reached skill level 12 in Spellcasting
  8217 | D:8      | Reached XP level 10. HP: 50/52 MP: 3/28
  8450 | D:8      | Reached * piety under Vehumet
  8450 | D:8      | Offered knowledge of Shock by Vehumet.
  8728 | D:8      | Noticed a two-headed ogre
  8737 | D:8      | Killed a two-headed ogre
  8791 | D:8      | Learned a level 3 spell: Stone Arrow
  8819 | D:9      | Found the +8 trident of the Octopus King {venom, rElec
                  | rPois}
  8994 | D:9      | Found a staircase to the Orcish Mines.
  9117 | D:9      | Noticed Harold
  9146 | D:9      | Noticed Maggie
  9147 | D:9      | Killed Harold
  9148 | D:9      | Reached skill level 13 in Spellcasting
  9161 | D:9      | Killed Maggie
  9447 | D:9      | Found Jyly's Serpentskin Sales.
  9452 | D:9      | Reached ** piety under Vehumet
  9452 | D:9      | Offered knowledge of Freeze by Vehumet.
  9564 | D:9      | Noticed a two-headed ogre
  9569 | D:9      | Killed a two-headed ogre
  9570 | D:9      | Reached skill level 14 in Spellcasting
  9845 | D:9      | Found a shimmering blue altar of Sif Muna.
 10105 | D:10     | Entered Level 10 of the Dungeon
 10221 | D:10     | Reached XP level 11. HP: 50/56 MP: 23/31
 10282 | D:10     | Found a flagged portal.
 10356 | Bailey   | Entered a bailey
 10381 | Bailey   | Offered knowledge of Frozen Ramparts by Vehumet.
 10512 | Bailey   | Reached *** piety under Vehumet
 10706 | Bailey   | Noticed an orc warlord
 10723 | Bailey   | Mangled by an orc warlord

Illustrated notes

Levels and vault maps discovered:
D:1:      nzn_arrival_crosshair, layout_basic, minivault_19
D:2:      layout_basic, minmay_misc_feat_room, uniq_robin,
          uniq_crazy_yiuf_cottage
D:3:      layout_rooms, mainiacjoe_overflow_tiny_flanked,
          guppyfry_early_orc_mine
D:4:      nicolae_cairo_tiling_large, layout_rooms, overflow_temple_1_default,
          serial_shops, nicolae_shop_statue_plus, gup_sewer_entry_spiral,
          kennysheep_cross_room, uniq_pikel, uniq_natasha
D:5:      layout_gridville, mainiacjoe_overflow_catwalk, serial_shops, shop,
          minmay_starry_boxes
D:6:      layout_cave_pools, lemuel_doored_altar,
          minmay_temple_entry_enclosed_plants, serial_shops, shop,
          uniq_blork_the_orc
D:7:      layout_rooms, grunt_gozag_statues
D:8:      layout_rooms
D:9:      layout_rooms, kennysheep_mini_moat, orc_0_dummy, minivault_26,
          hangedman_decor_points, minmay_crystal_water, kennysheep_small_spiral,
          chequers_serial_rivers_marsh, kennysheep_diamond, guppyfry_shop_venom,
          uniq_maggie, uniq_harold
D:10:     layout_loops_ring, enter_bailey_2
Temple:   compressed_dpeg_triangle_lava_temple
Bailey:   bailey_axe_minmay_hex_keep, bailey

Skill      XL: |  1  2  3  4  5  6  7  8  9 10 11 |
---------------+----------------------------------+-----
Short Blades   | 1 |  1.5
Dodging        | 3 4 |  4.8
Fire Magic     | 4 5 6 7 8 10 11 12 | 12.1
Spellcasting   | 4 5 6 8 10 12 14 | 14.9
Conjurations   | 2 4 5 6 |  6.9
Stealth        | 3 4 |  4.1
Fighting       | 1 |  1.5
Earth Magic    | |  0.3

Action                     |  1- 3 |  4- 6 |  7- 9 | 10-12 || total
---------------------------+-------+-------+-------+-------++-------
  Melee: Dagger            |     8 |    18 |    34 |     7 ||    67
         Punch             |       |       |     3 |       ||     3
   Cast: Foxfire           |    57 |    47 |   235 |   144 ||   483
         Scorch            |     9 |    17 |    68 |    50 ||   144
         Flame Wave        |       |       |     1 |    11 ||    12
         Inner Flame       |       |       |     1 |       ||     1
         Stone Arrow       |       |       |       |     6 ||     6
    Use: Scroll            |     3 |     3 |     9 |     8 ||    23
         Potion            |       |       |       |     1 ||     1
 Armour: Robe              |     4 |     8 |    38 |     9 ||    59
         Steam dragon scal |       |       |       |    36 ||    36
  Dodge: Dodged            |     6 |    12 |    47 |    65 ||   130

Table legend: (Time is in decaauts)
 A = Elapsed time spent in this place.
 B = Non-inter-level travel time spent in this place.
 C = Inter-level travel time spent in this place.
 D = Time resting spent in this place.
 E = Time spent auto-exploring this place.
 F = Levels seen in this place.
 G = Mean time per level.
                   A        B        C        D        E       F      G
               +--------+--------+--------+--------+--------+-----+--------+
         Total |  10776 |  10516 |    260 |   1102 |   7232 |  13 |  828.9 |
       Dungeon |   9864 |   9613 |    251 |   1097 |   6624 |  10 |  986.4 |
        Temple |     16 |      8 |      8 |      0 |      0 |   1 |   16.0 |
         Sewer |    528 |    528 |      0 |      0 |    372 |   1 |  528.0 |
        Bailey |    366 |    366 |      0 |      5 |    235 |   1 |  366.0 |
               +--------+--------+--------+--------+--------+-----+--------+

Top non-repeatable levels by time:
     D:2: 1640 daAuts
     D:9: 1300 daAuts
     D:4: 1251 daAuts
     D:5: 1153 daAuts
     D:8: 981 daAuts
     D:1: 923 daAuts
     D:7: 818 daAuts
     D:6: 799 daAuts
     D:3: 745 daAuts
   Sewer: 528 daAuts
  Bailey: 366 daAuts
    D:10: 250 daAuts
  Temple: 16 daAuts
